3AAA
RAPPAHANNOCK PARTISANS @ BALBOA BUCCANEERS
08/14/2019
 
TOP OF THE 1ST
Rappahannock Partisans batting - Pitching for Balboa Buccaneers : RHP Eduardo Capata
Pitching: RHP Eduardo Capata
Batting: RHB Kyle Dempsey 0-0: Foul Ball, location: 2F
0-1: Hit by Pitch
Batting: RHB Pablo Lugo 0-0: Swinging Strike
0-1: Ball
1-1: Foul Ball, location: 2F
1-2: Strikes out swinging
Batting: RHB Tom Baker 0-0: Ball
1-0: Swinging Strike
1-1: Ground out 5-3 (Groundball, 15S)
Kyle Dempsey to second
Batting: LHB Robert Bond 0-0: Ball
1-0: Ground out U3 (Groundball, 3)
Top of the 1st over - 0 run(s), 0 hit(s), 0 error(s), 1 left on base; Rappahannock 0 - Balboa 0
BOTTOM OF THE 1ST
Balboa Buccaneers batting - Pitching for Rappahannock Partisans : RHP Donald Hutchinson
Pitching: RHP Donald Hutchinson
Batting: LHB Steve Grimes 0-0: Foul Ball, location: 2F
0-1: Swinging Strike
0-2: Foul Ball, location: 2F
0-2: Strikes out looking
Batting: RHB Denis Taylor 0-0: Ball
1-0: Called Strike
1-1: Foul Ball, location: 2F
1-2: Fly out, F8 (Flyball, 8LM)
Batting: SHB Walt Smith 0-0: Called Strike
0-1: Ball
1-1: Foul Ball, location: 2F
1-2: Strikes out swinging
Bottom of the 1st over - 0 run(s), 0 hit(s), 0 error(s), 0 left on base; Rappahannock 0 - Balboa 0
TOP OF THE 2ND
Rappahannock Partisans batting - Pitching for Balboa Buccaneers : RHP Eduardo Capata
Batting: RHB San-gui Liang 0-0: Ball
1-0: Called Strike
1-1: Ball
2-1: Fly out, F4 (Popup, 34)
Batting: RHB Mal Phillips 0-0: Ball
1-0: Called Strike
1-1: Called Strike
1-2: Ball
2-2: Foul Ball, location: 2F
2-2: Strikes out swinging
Batting: RHB Ricardo Pérez 0-0: Swinging Strike
0-1: Fly out, F3 (Popup, 34)
Top of the 2nd over - 0 run(s), 0 hit(s), 0 error(s), 0 left on base; Rappahannock 0 - Balboa 0
BOTTOM OF THE 2ND
Balboa Buccaneers batting - Pitching for Rappahannock Partisans : RHP Donald Hutchinson
Batting: RHB Leonard James 0-0: Ball
1-0: Ball
2-0: Ball
3-0: Called Strike
3-1: Base on Balls
Batting: RHB Jean Lemaire 0-0: DOUBLE (Line Drive, 7LM)
Leonard James to third
Runner from 3rd tries for Home, SAFE, no throw or cutoff
Batting: RHB Matt Nelson 0-0: Ground out 4-3 (Groundball, 4)
Jean Lemaire to third
Batting: SHB Chris Cordell 0-0: Foul Ball, location: 2F
0-1: Called Strike
0-2: Foul Ball, location: 2F
0-2: Ball
1-2: Ball
2-2: Strikes out swinging
Batting: RHB José Correa 0-0: Ball
1-0: Foul Ball, location: 2F
1-1: Called Strike
1-2: Fly out, F8 (Flyball, 8LD)
Bottom of the 2nd over - 1 run(s), 1 hit(s), 0 error(s), 1 left on base; Rappahannock 0 - Balboa 1
TOP OF THE 3RD
Rappahannock Partisans batting - Pitching for Balboa Buccaneers : RHP Eduardo Capata
Batting: RHB José Mata 0-0: Foul Ball, location: 2F
0-1: Swinging Strike
0-2: Strikes out swinging
Batting: RHB Tim Wilson 0-0: Ball
1-0: Foul Ball, location: 2F
1-1: Called Strike
1-2: Ball
2-2: SINGLE (Groundball, 56D)
Batting: RHB Kyle Dempsey 0-0: Ball
1-0: Called Strike
1-1: Foul Ball, location: 2F
1-2: Fly out, F8 (Flyball, 8LM)
Batting: RHB Pablo Lugo 0-0: Foul Ball, location: 2F
0-1: Fly out, F8 (Flyball, 8RS)
Top of the 3rd over - 0 run(s), 1 hit(s), 0 error(s), 1 left on base; Rappahannock 0 - Balboa 1
BOTTOM OF THE 3RD
Balboa Buccaneers batting - Pitching for Rappahannock Partisans : RHP Donald Hutchinson
Batting: RHB César Garza 0-0: Foul Ball, location: 2F
0-1: Ball
1-1: Ball
2-1: Ball
3-1: Foul Ball, location: 2F
3-2: Strikes out swinging
Batting: LHB Steve Grimes 0-0: Ball
1-0: Called Strike
1-1: Ball
2-1: Ground out 3-1 (Groundball, 34)
Batting: RHB Denis Taylor 0-0: Ball
1-0: Called Strike
1-1: Ball
2-1: Foul Ball, location: 2F
2-2: Foul Ball, location: 2F
2-2: Foul Ball, location: 2F
2-2: Ball
3-2: Foul Ball, location: 2F
3-2: Foul Ball, location: 2F
3-2: Base on Balls
Batting: SHB Walt Smith 0-0: Ball
1-0: Fly out, F8 (Flyball, 78M)
Bottom of the 3rd over - 0 run(s), 0 hit(s), 0 error(s), 1 left on base; Rappahannock 0 - Balboa 1
TOP OF THE 4TH
Rappahannock Partisans batting - Pitching for Balboa Buccaneers : RHP Eduardo Capata
Batting: RHB Tom Baker 0-0: Ground out 6-3 (Groundball, 56)
Batting: LHB Robert Bond 0-0: Called Strike
0-1: Ground out 4-3 (Groundball, 4)
Batting: RHB San-gui Liang 0-0: SOLO HOME RUN (Flyball, 78XD), Distance : 422 ft
Batting: RHB Mal Phillips 0-0: Called Strike
0-1: Called Strike
0-2: Foul Ball, location: 2F
0-2: Ground out 6-3 (Groundball, 6MS)
Top of the 4th over - 1 run(s), 1 hit(s), 0 error(s), 0 left on base; Rappahannock 1 - Balboa 1
BOTTOM OF THE 4TH
Balboa Buccaneers batting - Pitching for Rappahannock Partisans : RHP Donald Hutchinson
Batting: RHB Leonard James 0-0: Called Strike
0-1: SINGLE (Line Drive, 7S)
Batting: RHB Jean Lemaire 0-0: Called Strike
0-1: Ball
1-1: Foul Ball, location: 2F
1-2: Ball
2-2: Foul Ball, location: 2F
2-2: Ball
3-2: Base on Balls
Leonard James to second
Batting: RHB Matt Nelson 0-0: Ball
1-0: Called Strike
Leonard James steals 3rd base
Jean Lemaire to second
1-1: Called Strike
1-2: Fly out, F5 (Popup, 56)
Batting: SHB Chris Cordell 0-0: Ball
1-0: Foul Ball, location: 2F
1-1: Fly out, F7 (Flyball, 78S)
Batting: RHB José Correa 0-0: Hit by Pitch
Batting: RHB César Garza 0-0: Swinging Strike
0-1: Foul Ball, location: 2F
0-2: Ball
1-2: Ball
2-2: Fly out, F8 (Flyball, 89XD)
Bottom of the 4th over - 0 run(s), 1 hit(s), 0 error(s), 3 left on base; Rappahannock 1 - Balboa 1
TOP OF THE 5TH
Rappahannock Partisans batting - Pitching for Balboa Buccaneers : RHP Eduardo Capata
Batting: RHB Ricardo Pérez 0-0: SINGLE (Line Drive, 9LS)
Batting: RHB José Mata 0-0: Foul Ball, location: 2F
0-1: Foul Ball, location: 2F
0-2: Foul Ball, location: 2F
0-2: Ball
1-2: Strikes out swinging
Batting: RHB Tim Wilson 0-0: Ball
1-0: Ball
2-0: Called Strike
2-1: Foul Ball, location: 2F
2-2: Foul Ball, location: 2F
2-2: Foul Ball, location: 2F
2-2: Strikes out swinging
Batting: RHB Kyle Dempsey 0-0: Swinging Strike
0-1: Swinging Strike
0-2: Ball
1-2: Strikes out swinging
Top of the 5th over - 0 run(s), 1 hit(s), 0 error(s), 1 left on base; Rappahannock 1 - Balboa 1
BOTTOM OF THE 5TH
Balboa Buccaneers batting - Pitching for Rappahannock Partisans : RHP Donald Hutchinson
Batting: LHB Steve Grimes 0-0: Ball
1-0: Called Strike
1-1: Ball
2-1: SOLO HOME RUN (Flyball, 9LD), Distance : 350 ft
Batting: RHB Denis Taylor 0-0: Ball
1-0: Called Strike
1-1: Foul Ball, location: 2F
1-2: Ball
2-2: Foul Ball, location: 2F
2-2: Strikes out looking
Batting: SHB Walt Smith 0-0: Ball
1-0: Swinging Strike
1-1: Foul Ball, location: 2F
1-2: Ground out U3 (Groundball, 3S)
Batting: RHB Leonard James 0-0: SOLO HOME RUN (Flyball, 78XD), Distance : 420 ft
Batting: RHB Jean Lemaire 0-0: Ball
1-0: Ball
2-0: Ball
3-0: Base on Balls
Batting: RHB Matt Nelson 0-0: Ball
1-0: Called Strike
1-1: Ball
2-1: Called Strike
2-2: Ball
Single, Error in OF, E7, batter to second base
Jean Lemaire to third
Batting: SHB Chris Cordell 0-0: Ball
1-0: Foul Ball, location: 2F
1-1: Ball
2-1: Swinging Strike
2-2: Foul Ball, location: 2F
2-2: Strikes out swinging
Bottom of the 5th over - 2 run(s), 3 hit(s), 1 error(s), 2 left on base; Rappahannock 1 - Balboa 3
TOP OF THE 6TH
Rappahannock Partisans batting - Pitching for Balboa Buccaneers : RHP Eduardo Capata
Batting: RHB Pablo Lugo 0-0: Called Strike
0-1: Foul Ball, location: 2F
0-2: Strikes out swinging
Batting: RHB Tom Baker 0-0: Foul Ball, location: 2F
0-1: Swinging Strike
0-2: Strikes out swinging
Batting: LHB Robert Bond 0-0: Ball
1-0: Swinging Strike
1-1: Ball
2-1: Foul Ball, location: 2F
2-2: Fly out, F3 (Line Drive, 34)
Top of the 6th over - 0 run(s), 0 hit(s), 0 error(s), 0 left on base; Rappahannock 1 - Balboa 3
BOTTOM OF THE 6TH
Balboa Buccaneers batting - Pitching for Rappahannock Partisans : RHP Donald Hutchinson
Batting: RHB José Correa 0-0: Ground out 5-3 (Groundball, 56)
Batting: RHB César Garza 0-0: Ball
1-0: SOLO HOME RUN (Flyball, 78XD), Distance : 425 ft
Batting: LHB Steve Grimes 0-0: Ground out 6-3 (Groundball, 6)
Batting: RHB Denis Taylor 0-0: Ball
1-0: Foul Ball, location: 2F
1-1: SOLO HOME RUN (Flyball, 9D), Distance : 373 ft
Pitching: RHP Gilberto Ibarra
Batting: SHB Walt Smith 0-0: Swinging Strike
0-1: Ball
1-1: Foul Ball, location: 2F
1-2: Ball
2-2: SINGLE (Line Drive, 56D)
Batting: RHB Leonard James 0-0: Called Strike
0-1: Called Strike
0-2: Strikes out looking
Bottom of the 6th over - 2 run(s), 3 hit(s), 0 error(s), 1 left on base; Rappahannock 1 - Balboa 5
TOP OF THE 7TH
Rappahannock Partisans batting - Pitching for Balboa Buccaneers : RHP Eduardo Capata
Batting: RHB San-gui Liang 0-0: Called Strike
0-1: Ball
1-1: Ball
2-1: SOLO HOME RUN (Flyball, 89XD), Distance : 412 ft
Batting: RHB Mal Phillips 0-0: Ball
1-0: Foul Ball, location: 2F
1-1: Called Strike
1-2: SOLO HOME RUN (Flyball, 7LD), Distance : 371 ft
Batting: RHB Ricardo Pérez 0-0: Fly out, F7 (Line Drive, 78M)
Batting: RHB José Mata 0-0: Called Strike
0-1: Called Strike
0-2: Ground out 5-3 (Groundball, 56S)
Batting: RHB Tim Wilson 0-0: Ball
1-0: Foul Ball, location: 2F
1-1: Ball
2-1: Called Strike
2-2: Ball
3-2: Foul Ball, location: 2F
3-2: SOLO HOME RUN (Flyball, 7D), Distance : 390 ft
Batting: RHB Kyle Dempsey 0-0: Ball
1-0: Ball
2-0: Ball
3-0: Called Strike
3-1: Base on Balls
Pinch Hitting: RHB Seth Varela 0-0: Ball
1-0: Foul Ball, location: 2F
1-1: SINGLE (Groundball, 56D)
Kyle Dempsey to second
Batting: RHB Tom Baker 0-0: Called Strike
0-1: Ball
1-1: Ball
2-1: Swinging Strike
2-2: Fly out, F9 (Flyball, 9M)
Top of the 7th over - 3 run(s), 4 hit(s), 0 error(s), 2 left on base; Rappahannock 4 - Balboa 5
BOTTOM OF THE 7TH
Balboa Buccaneers batting - Pitching for Rappahannock Partisans : RHP Gilberto Ibarra
Now at SS: Marvin von Seydlitz
Batting: RHB Jean Lemaire 0-0: SINGLE (Line Drive, 6MD)
Batting: RHB Matt Nelson 0-0: Bunted foul
0-1: Sac Bunt - play at first, batter OUT! 5-4
Jean Lemaire to second
Batting: SHB Chris Cordell 0-0: Foul Ball, location: 2F
0-1: Ball
1-1: Ball
2-1: Ball
3-1: Ground out 4-3 (Groundball, 34)
Jean Lemaire to third
Pinch Hitting: RHB Miguel Ramírez 0-0: Foul Ball, location: 2F
0-1: Called Strike
0-2: Ball
1-2: Foul Ball, location: 2F
1-2: Foul Ball, location: 2F
1-2: Ball
2-2: Ball
3-2: Base on Balls
Batting: RHB César Garza 0-0: Ball
1-0: Ground out 4-3 (Groundball, 4)
Bottom of the 7th over - 0 run(s), 1 hit(s), 0 error(s), 2 left on base; Rappahannock 4 - Balboa 5
TOP OF THE 8TH
Rappahannock Partisans batting - Pitching for Balboa Buccaneers : RHP Eduardo Capata
Now at SS: Miguel Ramírez
Now in RF: Mike Ontiveros
Batting: LHB Robert Bond 0-0: Foul Ball, location: 2F
0-1: Fly out, F9 (Line Drive, 89M)
Batting: RHB San-gui Liang 0-0: Ball
1-0: Ball
2-0: Ball
3-0: Called Strike
3-1: Called Strike
3-2: Base on Balls
Batting: RHB Mal Phillips 0-0: Called Strike
0-1: Called Strike
0-2: Ball
1-2: Ball
2-2: Strikes out swinging
Pitching: RHP Rubén Rodríguez
Pinch Hitting: LHB Miguel Mendoza 0-0: Called Strike
0-1: Foul Ball, location: 2F
0-2: Foul Ball, location: 2F
0-2: Foul Ball, location: 2F
0-2: Reached on error, E1 (Groundball, 13)
San-gui Liang to second
Pinch Hitting: LHB Alfonso López 0-0: Ball
1-0: Called Strike
1-1: Called Strike
1-2: Ball
2-2: Strikes out swinging
Top of the 8th over - 0 run(s), 0 hit(s), 1 error(s), 2 left on base; Rappahannock 4 - Balboa 5
BOTTOM OF THE 8TH
Balboa Buccaneers batting - Pitching for Rappahannock Partisans : RHP Gilberto Ibarra
Pitching: LHP Monte Conner
Now at 3B: Jim Unknown
Now in RF: Alfonso López
Batting: LHB Steve Grimes 0-0: Ball
1-0: Ground out U3 (Groundball, 3)
Pitching: RHP Chance Wiley
Batting: RHB Denis Taylor 0-0: Ball
1-0: Called Strike
1-1: Ground out 1-3 (Groundball, 13S)
Batting: SHB Walt Smith 0-0: Ball
1-0: Called Strike
1-1: Swinging Strike
1-2: Ball
2-2: Fly out, F7 (Flyball, 78M)
Bottom of the 8th over - 0 run(s), 0 hit(s), 0 error(s), 0 left on base; Rappahannock 4 - Balboa 5
TOP OF THE 9TH
Rappahannock Partisans batting - Pitching for Balboa Buccaneers : RHP Rubén Rodríguez
Pitching: RHP Luis De La Hoya
Pinch Hitting: RHB Juan Jose Díaz 0-0: Ball
1-0: Foul Ball, location: 2F
1-1: Ball
2-1: Ball
3-1: Foul Ball, location: 2F
3-2: Fly out, F7 (Flyball, 7S)
Batting: RHB Kyle Dempsey 0-0: Ball
1-0: Ball
2-0: Ball
3-0: Swinging Strike
3-1: Base on Balls
Batting: LHB Marvin von Seydlitz 0-0: Foul Ball, location: 2F
0-1: Ball
1-1: Swinging Strike
1-2: Foul Ball, location: 2F
1-2: Ball
2-2: Ball
3-2: 2-RUN HOME RUN (Line Drive, 89XD), Distance : 409 ft
Pitching: RHP Brandeis Göller
Batting: RHB Tom Baker 0-0: Foul Ball, location: 2F
0-1: Ball
1-1: Ball
2-1: Called Strike
2-2: Foul Ball, location: 2F
2-2: SINGLE (Groundball, 6MD)
Batting: LHB Robert Bond 0-0: Ball
1-0: Ball
2-0: Called Strike
2-1: Foul Ball, location: 2F
2-2: Ball
3-2: Fly out, F8 (Flyball, 8RM)
Batting: RHB San-gui Liang 0-0: Called Strike
0-1: Ball
1-1: Foul Ball, location: 2F
1-2: Ball
2-2: Ball
3-2: Foul Ball, location: 2F
3-2: Base on Balls
Tom Baker to second
Batting: RHB Mal Phillips 0-0: Called Strike
0-1: Called Strike
0-2: Ball
1-2: Foul Ball, location: 2F
1-2: Ball
2-2: Strikes out swinging
Top of the 9th over - 2 run(s), 2 hit(s), 0 error(s), 2 left on base; Rappahannock 6 - Balboa 5
BOTTOM OF THE 9TH
Balboa Buccaneers batting - Pitching for Rappahannock Partisans : RHP Chance Wiley
Pitching: LHP Doug Robinson
Now at 2B: Jesús Murillo
Batting: RHB Leonard James 0-0: Ball
1-0: Ball
2-0: Ball
3-0: Base on Balls
Batting: RHB Jean Lemaire 0-0: Called Strike
0-1: Called Strike
0-2: Ball
1-2: Ball
2-2: Fly out, F8 (Flyball, 8LM)
Batting: RHB Mike Ontiveros 0-0: Ball
1-0: DOUBLE (Flyball, 89M)
Leonard James to third
Batting: SHB Chris Cordell 0-0: Called Strike
0-1: Fly out, F9 (Flyball, 9S)
Runner from 3rd tags up, SCORES, throw made
Batting: RHB Miguel Ramírez 0-0: Ball
1-0: Ball
2-0: Ball
3-0: Base on Balls
Pinch Runner at 2nd Anthony Trigg:
Batting: RHB César Garza 0-0: Ball
1-0: Ball
2-0: Ball
3-0: Base on Balls
Anthony Trigg to third
Miguel Ramírez to second
Batting: LHB Steve Grimes 0-0: Foul Ball, location: 2F
0-1: Ball
1-1: Ball
2-1: Ball
3-1: Foul Ball, location: 2F
3-2: Fly out, F8 (Line Drive, 8LM)
Bottom of the 9th over - 1 run(s), 1 hit(s), 0 error(s), 3 left on base; Rappahannock 6 - Balboa 6
TOP OF THE 10TH
Rappahannock Partisans batting - Pitching for Balboa Buccaneers : RHP Brandeis Göller
Now in RF: Anthony Trigg
Batting: SHB Jim Unknown 0-0: Called Strike
0-1: Ball
1-1: Called Strike
1-2: Strikes out swinging
Batting: LHB Alfonso López 0-0: Hit by Pitch
Batting: RHB Jesús Murillo 0-0: Ball
1-0: Called Strike
1-1: Swinging Strike
1-2: Strikes out swinging
Batting: RHB Kyle Dempsey 0-0: Called Strike
0-1: Ball
1-1: Ground out 5-3 (Groundball, 56)
Top of the 10th over - 0 run(s), 0 hit(s), 0 error(s), 1 left on base; Rappahannock 6 - Balboa 6
BOTTOM OF THE 10TH
Balboa Buccaneers batting - Pitching for Rappahannock Partisans : LHP Doug Robinson
Batting: RHB Denis Taylor 0-0: Ball
1-0: Swinging Strike
1-1: Called Strike
1-2: Strikes out swinging
Batting: SHB Walt Smith 0-0: Ball
1-0: Ball
2-0: Ball
3-0: Swinging Strike
3-1: Foul Ball, location: 2F
3-2: Foul Ball, location: 2F
3-2: Foul Ball, location: 2F
3-2: Strikes out swinging
Batting: RHB Leonard James 0-0: Ball
1-0: Swinging Strike
1-1: Ground out 6-3 (Groundball, 6M)
Bottom of the 10th over - 0 run(s), 0 hit(s), 0 error(s), 0 left on base; Rappahannock 6 - Balboa 6
TOP OF THE 11TH
Rappahannock Partisans batting - Pitching for Balboa Buccaneers : RHP Brandeis Göller
Batting: LHB Marvin von Seydlitz 0-0: Ground out 3-1 (Groundball, 34)
Batting: RHB Tom Baker 0-0: Ground out 3-1 (Groundball, 34S)
Batting: LHB Robert Bond 0-0: Ball
1-0: Ball
2-0: Foul Ball, location: 2F
2-1: Swinging Strike
2-2: Ground out 4-3 (Groundball, 4)
Top of the 11th over - 0 run(s), 0 hit(s), 0 error(s), 0 left on base; Rappahannock 6 - Balboa 6
BOTTOM OF THE 11TH
Balboa Buccaneers batting - Pitching for Rappahannock Partisans : LHP Doug Robinson
Pitching: RHP Mark Walker
Batting: RHB Jean Lemaire 0-0: Called Strike
0-1: DOUBLE (Line Drive, 8LM)
Batting: LHB Anthony Trigg 0-0: Intentional Walk
Batting: SHB Chris Cordell 0-0: Called Strike
0-1: SINGLE (Groundball, 4MD)
Jean Lemaire to third
Anthony Trigg to second
Batting: RHB Miguel Ramírez 0-0: Ball
1-0: Ball
2-0: Swinging Strike
2-1: Ball
3-1: Base on Balls
Jean Lemaire scores
Anthony Trigg to third
Chris Cordell to second
This league is powered by Out of the Park Baseball, the baseball management simulation game for PC, Mac and Linux
Saturday, July 25th, 2015 - OOTP Baseball 15.6 Build 34